 Dungeon Crawl Stone Soup version 0.26.1-2-gb8aa6d0cf2 (webtiles) character file.

Game seed: 13272738791854138462

3412 promet the Skirmisher (level 9, -3/79 HPs)
             Began as a Red Draconian Air Elementalist on Feb 27, 2021.
             Was a Believer of Dithmenos.
             Slain by a centaur (4 damage)
             ... on level 8 of the Dungeon on Mar 1, 2021.
             The game lasted 01:15:10 (11880 turns).

promet the Skirmisher (DrAE)                       Turns: 11880, Time: 01:15:11

Health: -3/79      AC: 10    Str: 11    XL:     9   Next: 76%
Magic:  18/18      EV: 14    Int: 18    God:    Dithmenos [**....]
Gold:   543        SH:  0    Dex: 12    Spells: 9/20 levels left

rFire    + . .     SeeInvis .   o - +1 great sword (freeze)
rCold    . . .     Faith    +   (shield currently unavailable)
rNeg     . . .     Spirit   .   (armour unavailable)
rPois    +         Reflect  .   C - +2 hat
rElec    .         Harm     .   (no cloak)
rCorr    .         Rampage  .   (no gloves)
Will     .....                  (no boots)
Stlth    ++++......             n - amulet of faith
HPRegen  0.23/turn              c - ring of poison resistance
MPRegen  0.16/turn              D - ring of stealth

@: wreathed by umbra
A: breathe fire, unfitting armour, talons 1, fire resistance 1, mutation
resistance 1, screaming 1, shaggy fur 1, cold-blooded, AC +7
a: Breathe Fire, Renounce Religion, Shadow Step


You were on level 8 of the Dungeon.
You worshipped Dithmenos.
Dithmenos was pleased with you.
You visited 1 branch of the dungeon, and saw 8 of its levels.

You collected 543 gold pieces.

Inventory:

Hand Weapons
 a - a +4 dagger of speed
 b - a +1 hunting sling
 e - a +0 club
 k - a +0 rapier
 o - a +1 great sword of freezing (weapon)
 p - a +1 dagger of holy wrath
 u - a +0 dagger
 w - a +3 mace
 x - a +3 short sword
 y - a +1 flail of protection
 z - a +2 trident
 A - a +5 vorpal hand axe
 E - a +1 whip of freezing
 H - a +3 short sword of draining
Missiles
 d - 11 javelins
 f - 51 sling bullets
 g - 68 arrows
 h - 214 stones
 i - 71 bolts
 m - 2 throwing nets (quivered)
 s - 13 poisoned darts
Armour
 C - a +2 hat (worn)
Magical Staves
 F - an uncursed staff of cold
Jewellery
 c - a ring of poison resistance (left hand)
 n - an amulet of faith (around neck)
 q - an uncursed ring of positive energy
 B - an uncursed ring of positive energy
 D - a ring of stealth (right hand)
Wands
 t - a wand of random effects (14)
 I - a wand of flame (22)
Scrolls
 j - 3 scrolls of remove curse
 l - a scroll of identify
 v - 4 scrolls of teleportation
 J - a scroll of amnesia
Potions
 r - a potion of flight
 K - a potion of cancellation


   Skills:
 * Level 7.1 Fighting
 + Level 3.2 Short Blades
 + Level 3.4 Axes
 + Level 0.6(2.2) Maces & Flails
 + Level 1.5 Throwing
 + Level 4.2 Dodging
 + Level 3.9 Stealth
 + Level 6.0 Spellcasting
 + Level 4.0 Conjurations
 + Level 0.9 Transmutations
 + Level 6.1 Air Magic


You had 9 spell levels left.
You knew the following spells:

 Your Spells              Type           Power        Failure   Level
a - Shock                 Conj/Air       92%          1%          1
b - Swiftness             Air            27%          1%          2
c - Beastly Appendage     Tmut           16%          9%          1
d - Static Discharge      Conj/Air       23%          4%          3
e - Airstrike             Air            13%          10%         4

Your spell library contained the following spells:

 Spells                   Type           Power        Failure   Level
 Wereblood                Tmut           8%           12%         2
 Spider Form              Tmut/Pois      3%           28%         3
 Lightning Bolt           Conj/Air       11%          38%         5
 Ice Form                 Ice/Tmut       7%           67%         4
 Blade Hands              Tmut           4%           92%         5


Dungeon Overview and Level Annotations

Branches:
Dungeon (8/15)             Temple (0/1) D:6
   Lair: D:8-11

Altars:
Dithmenos
Elyvilon
Fedhas
Gozag
Nemelex Xobeh
Trog
Uskayaw
Wu Jian
Zin
The Shining One

Annotations:
D:2 1 runed translucent door, Crazy Yiuf


Innate Abilities, Weirdness & Mutations

You can breathe blasts of fire.
Your fiery red scales are hard. (AC +7)
You cannot fit into any form of body armour.
Your flesh is heat resistant. (rF+)
You are cold-blooded and may be slowed by cold attacks.
You have sharp toenails.
You are somewhat resistant to further mutation.
You occasionally shout uncontrollably at your foes.
You are covered in fur. (AC +1)


Message History

You freeze the centaur. You claw the centaur, but do no damage.
Your tail-slap misses the centaur.
The centaur is severely wounded.
You hit the centaur but do no damage. You claw the centaur.
The centaur is almost dead.
The centaur zaps a wand.
You struggle to resist.
The centaur zaps a wand.
You are blasted!
An orc comes into view. It is wielding a +0 dagger.
You barely miss the centaur.
The orc shouts!
Your kick misses the centaur.
You tail-slap the centaur, but do no damage.
The centaur is almost dead.
You hear a shout!
The centaur zaps a wand.
You are blasted!
* * * LOW HITPOINT WARNING * * *
The centaur zaps a wand.
You are blasted!
* * * LOW HITPOINT WARNING * * *
The centaur hits you.
You die...

##.........#
'.........#
o........ .......
..... .F. #c#
#.###########@#####
#.......†....<....#
#.#######.......#.#
#..#....#
..<.......#
###.........
#.###...... #.#
###.#### ..# .#


You could see a bullfrog, a centaur and an orc.

Vanquished Creatures
  Harold (D:7)
  Pikel (D:5)
  A troll (D:7)
  Menkaure (D:5)
  Edmund (D:6)
  A necrophage (D:7)
  An ice beast (D:6)
  An ogre (D:5)
  A phantom (D:6)
  Blork the orc (D:6)
  2 bullfrogs (D:7)
  A scorpion (D:7)
  6 killer bees (D:8)
  6 wights
  A jelly (D:6)
  2 hounds
  A bullfrog zombie (D:6)
  A centaur zombie (D:6)
  2 orc priests
  Jessica (D:3)
  An iguana (D:7)
  6 orc wizards
  A worker ant (D:4)
  3 hound skeletons
  Robin (D:2)
  6 adders
  2 shadow imps
  A white imp (D:5)
  An ooze (D:3)
  2 adder skeletons
  2 worms (D:3)
  A dart slug (D:1)
  4 leopard geckos
  23 orcs
  7 bats
  8 giant cockroaches
  14 goblins
  12 hobgoblins
  11 jackals
  3 quokkas
  3 ball pythons
  5 frilled lizards
  15 kobolds
  A quokka skeleton (D:7)
  14 rats
180 creatures vanquished.

Notes
Turn   | Place    | Note
-------+----------+-------------------------------------------
     0 | D:1      | promet the Draconian Air Elementalist began the quest for
                  | the Orb.
     0 | D:1      | Reached XP level 1. HP: 14/14 MP: 3/3
   121 | D:1      | Reached XP level 2. HP: 19/20 MP: 0/5
   226 | D:1      | Learned a level 2 spell: Swiftness
   883 | D:1      | Reached XP level 3. HP: 26/26 MP: 6/6
  1366 | D:2      | Found an ornate altar of the Wu Jian Council.
  1366 | D:2      | Found a hide-covered altar of Uskayaw.
  1367 | D:2      | Found a glowing silver altar of Zin.
  1367 | D:2      | Found a glowing golden altar of the Shining One.
  2112 | D:2      | Reached skill level 1 in Fighting
  2275 | D:2      | Reached XP level 4. HP: 35/35 MP: 8/8
  2301 | D:2      | Noticed Robin
  2344 | D:2      | Killed Robin
  2642 | D:2      | Found a shadowy altar of Dithmenos.
  2809 | D:2      | Became a worshipper of Dithmenos the Shadowed
  2914 | D:2      | Found a runed translucent door.
  2915 | D:2      | Noticed Crazy Yiuf
  3733 | D:3      | Reached skill level 1 in Short Blades
  3733 | D:3      | Reached XP level 5. HP: 39/40 MP: 1/9
  3986 | D:3      | Found a bloodstained altar of Trog.
  4170 | D:3      | Noticed Jessica
  4243 | D:3      | Killed Jessica
  4361 | D:3      | Reached skill level 2 in Fighting
  4951 | D:3      | Learned a level 1 spell: Beastly Appendage
  5194 | D:3      | Reached * piety under Dithmenos
  5618 | D:3      | Reached XP level 6. HP: 24/47 MP: 1/10
  6022 | D:4      | Learned a level 3 spell: Static Discharge
  6494 | D:4      | Reached skill level 3 in Fighting
  6916 | D:4      | Found a blossoming altar of Fedhas.
  7070 | D:4      | Found a white marble altar of Elyvilon.
  7198 | D:4      | Found a sparkling altar of Nemelex Xobeh.
  7199 | D:4      | Found an opulent altar of Gozag.
  7235 | D:5      | Entered Level 5 of the Dungeon
  7260 | D:5      | Noticed Menkaure
  7274 | D:5      | Killed Menkaure
  7275 | D:5      | Reached skill level 1 in Axes
  7275 | D:5      | Your scales start taking on a fiery red colour.
  7275 | D:5      | Reached XP level 7. HP: 18/57 MP: 4/13
  7275 | D:5      | Gained mutation: Your flesh is heat resistant. (rF+) [Red
                  | Draconian growth]
  7516 | D:5      | Noticed Pikel
  7566 | D:5      | Killed Pikel
  7567 | D:5      | Reached skill level 4 in Fighting
  7567 | D:5      | Reached XP level 8. HP: 15/66 MP: 1/14
  8621 | D:6      | Learned a level 4 spell: Airstrike
  8952 | D:6      | Reached skill level 5 in Air Magic
  9068 | D:6      | Reached ** piety under Dithmenos
  9096 | D:6      | Noticed Edmund
  9120 | D:6      | Killed Edmund
  9184 | D:6      | Reached skill level 5 in Spellcasting
  9445 | D:6      | Found a staircase to the Ecumenical Temple.
  9503 | D:6      | Reached skill level 5 in Fighting
  9586 | D:6      | Gained mutation: You occasionally shout uncontrollably at
                  | your foes. [potion of mutation]
  9586 | D:6      | Gained mutation: You have sharp toenails. [potion of
                  | mutation]
  9586 | D:6      | Gained mutation: You are covered in fur. (AC +1) [potion of
                  | mutation]
  9586 | D:6      | Gained mutation: You are somewhat resistant to further
                  | mutation. [potion of mutation]
  9597 | D:6      | Noticed Blork the orc
  9694 | D:6      | Killed Blork the orc
 10353 | D:7      | Found a glowing silver altar of Zin.
 10449 | D:7      | Noticed a troll
 10452 | D:7      | Reached XP level 9. HP: 67/74 MP: 17/17
 10635 | D:7      | Reached skill level 6 in Fighting
 10770 | D:7      | Noticed Harold
 11137 | D:7      | Killed a troll
 11382 | D:7      | Killed Harold
 11383 | D:7      | Reached skill level 7 in Fighting
 11383 | D:7      | Reached skill level 1 in Throwing
 11880 | D:8      | HP: 1/79 [disintegration (13)]
 11880 | D:8      | Slain by a centaur

Illustrated notes

Levels and vault maps discovered:
D:1:      lightli_arrival_maybe_door_vault, layout_basic
D:2:      layout_loops_cross, nicolae_dithmenos_through_a_glass_darkly,
          chequers_temple_overflow_statue_of_worship, minmay_tetromino_l4,
          uniq_robin, uniq_crazy_yiuf_cottage
D:3:      minmay_razor_zed, layout_basic, general_overflow_altar, uniq_jessica
D:4:      layout_basic, grunt_temple_overflow_opulence, kennysheep_mini_moat,
          nicolae_overflow_hidden_temple
D:5:      layout_rooms, uniq_pikel, uniq_menkaure
D:6:      layout_basic, minmay_temple_entry_glass, uniq_edmund,
          uniq_blork_the_orc
D:7:      layout_cave_pools, basic_altar, uniq_harold
D:8:      layout_loops_corners, kennysheep_path_1

Skill      XL: |  1  2  3  4  5  6  7  8  9 |
---------------+----------------------------+-----
Dodging        | 2 3 4 |  4.2
Fighting       | 1 2 3 4 5 7 |  7.1
Short Blades   | 1 3 |  3.2
Stealth        | 2 3 |  3.9
Spellcasting   | 3 4 5 6 |  6.0
Air Magic      | 4 5 6 |  6.1
Conjurations   | 2 3 4 |  4.0
Axes           | 1 3 |  3.4
Throwing       | 1 |  1.5
Maces & Flails | |  0.6
Transmutations | |  0.9

Action                   |  1- 3 |  4- 6 |  7- 9 || total
-------------------------+-------+-------+-------++-------
Melee: Club              |    16 |       |       ||    16
       Unarmed           |     1 |       |       ||     1
       Dagger            |    83 |    14 |   155 ||   252
       Tailslap          |     6 |    13 |    22 ||    41
       Rapier            |       |    72 |     5 ||    77
       Hand axe          |       |    38 |    58 ||    96
       Kick              |       |     2 |    34 ||    36
       Short sword       |       |     2 |     7 ||     9
       Flail             |       |       |     7 ||     7
       Great sword       |       |       |    12 ||    12
 Fire: Hunting sling     |     2 |       |     2 ||     4
Throw: Dart              |       |       |    13 ||    13
       Throwing net      |       |       |     3 ||     3
 Cast: Shock             |    67 |   125 |    91 ||   283
       Swiftness         |     1 |     3 |     1 ||     5
       Beastly Appendage |       |     5 |     3 ||     8
       Static Discharge  |       |     2 |     7 ||     9
       Airstrike         |       |       |     5 ||     5
  Use: Scroll            |     3 |    11 |    10 ||    24
       Potion            |       |     3 |     5 ||     8
 Stab: Sleeping          |     5 |     2 |     1 ||     8
       Distracted        |       |       |     1 ||     1
Armor: Skin              |    47 |    60 |    68 ||   175
Dodge: Dodged            |    85 |   138 |   168 ||   391
       Rpst.: Great sword |       |       |     8 ||     8
